Construct Section Command Post
Construct Platoon Command Post
6-pounder Anti-tank Gun Team
Construct Company Command Post
Selects Heavy Armor Battlegroup
Selects Light Vehicle Withdraw and Refit
6-pounder Anti-tank Gun Team
Selects Designate Targets
Selects Rigorous Vehicle Training
Selects Forward Repair Assembly